 Dungeon Sprint DCSS version 0.20.1-1-g8b1a95d (webtiles) character file.

21583 potatolord6000 the Messiah (level 12, 0/129 HPs)
             Began as a Hill Orc Monk on Sept 1, 2017.
             Was the Champion of Beogh.
             Slain by Mara
             ... wielding a +2 demon whip of venom
              (18 damage)
             ... in the Dungeon (Sprint VII: "The Pits").
             The game lasted 00:14:01 (2692 turns).

potatolord6000 the Messiah (Hill Orc Monk)          Turns: 2692, Time: 00:14:02

Health: 0/129      AC: 24    Str: 19    XL:     12   Next: 91%
Magic:  19/25      EV:  8    Int: 13    God:    Beogh [******]
Gold:   11         SH:  0    Dex: 16    Spells: 11/11 levels left

rFire    . . .     SeeInvis .   w - +2 great sword (flame)
rCold    . . .     Gourm    .   (shield currently unavailable)
rNeg     . . .     Faith    .   t - +5 plate armour
rPois    .         Spirit   .   (no helmet)
rElec    .         Reflect  .   (no cloak)
rCorr    .         Harm     .   (no gloves)
MR       .....     NoTele   +   f - +0 pair of boots
Stlth    ..........             (no amulet)
Regen    0.4/turn               j - +3 ring of dexterity
MPRegen  0.2/turn               p - +3 ring of intelligence

@: lethally poisoned (0 -> -1)
A: walk on water
a: Smiting, Recall Orcish Followers, Give Item to Named Follower, Resurrection,
Renounce Religion


You were in the Dungeon.
You worshipped Beogh.
Beogh was exalted by your worship.
You were not hungry.

You visited 1 branch You collected 11 gold pieces.

Inventory:

Hand Weapons
 w - a +2 great sword of flaming (weapon)
Armour
 f - a +0 pair of boots (worn)
 t - a +5 plate armour (worn)
Jewellery
 j - a +3 ring of dexterity (left hand)
 p - a +3 ring of intelligence (right hand)
Wands
 y - a wand of polymorph (12/24)
Scrolls
 i - a scroll of blinking
 k - 6 scrolls of remove curse
 l - 5 scrolls of amnesia
 m - a scroll of summoning
 q - 3 scrolls of recharging
 v - 4 scrolls of fear
Potions
 a - a potion of invisibility
 d - 2 potions of curing
 e - 6 potions of heal wounds
 g - a potion of magic
 h - 6 potions of berserk rage
 r - a potion of brilliance
 s - a potion of resistance
 z - a potion of agility
Comestibles
 c - 8 bread rations
 n - 40 fruits
 o - 7 meat rations
 u - 7 royal jellies


   Skills:
 + Level 18.8 Fighting
 + Level 17.4 Long Blades
 + Level 17.2 Armour
 - Level 2.4 Dodging
 - Level 1.5 Stealth
 + Level 19.9 Invocations


You had 11 spell levels left.
You didn't know any spells.

Dungeon Overview and Level Annotations

Branches:
Dungeon (1/1)

Altars:
Ashenzari
Cheibriados
Dithmenos
Elyvilon
Fedhas
Gozag
Hepliaklqana
Kikubaaqudgha
Makhleb
Nemelex Xobeh
Okawaru
Qazlal
Ru
Sif Muna
Trog
Uskayaw
Vehumet
Xom
Yredelemnul
Zin
The Shining One
Beogh
Jiyva
Lugonu

Annotations:
D Mara


Message History

You feel sick.
Bogbrand blocks the eidolon's attack.
The eidolon hits Bogbrand!
The great orb of eyes gazes at you.
You barely resist.
Something hits Bogbrand!!
Something hits Bogbrand!
The eidolon hits Bogbrand!
The eidolon drains Bogbrand's vigour!
Bogbrand seems to slow down.
The eidolon barely misses Bogbrand.
The great orb of eyes gazes at you. You resist with significant effort.
Something misses Bogbrand.
You can move again.
Unknown command.
Unknown command.
You swap places.
A spriggan defender comes into view.
It is wielding an enchanted quick blade.
The spriggan defender hits you with an enchanted quick blade!!
* * * LOW HITPOINT WARNING * * *
The eidolon hits you but does no damage. x2
Something bites Bogbrand.
Mara hits you with a demon whip of venom!!
You die...

+..#....#.. +..........
#..........
############..#....#..
..........''..........
..........''..........
########..##..#....#..
#.#W#R#..##..........
#.#@##..##..........
#i#[#..####++####++
#h#G#o..####++####++
#.#p#†#..##......##..
#######..##.#)##.##..
..o##.#[='.##.. ...##.')"#.##..
######.#}.'.##..
##########++###########.+.|#.##..


You could see Mara, an eidolon, a spriggan defender, a wolf, the friendly
Bogbrand the orc knight and the friendly Gorg the orc knight.

Vanquished Creatures
  A sphinx (D)
  An emperor scorpion (D)
  An angel (D)
  An ice dragon (D)
  A hydra (D)
  A two-headed ogre (D)
  A merfolk avatar (D)
  Erica (D)
  2 sea snakes (D)
  A deep troll (D)
  An orc knight (D)
  2 harpies (D)
  2 orange demons (D)
  A black mamba (D)
  An eye of devastation (D)
  2 smoke demons (D)
  A spiny frog (D)
  A kobold demonologist (D)
  A demonic crawler (D)
  A meliai (shapeshifter) (D)
  2 bog bodies (D)
  A hornet (D)
  A vampire (D)
  A spriggan (D)
  5 yaks (D)
  2 tarantellas (D)
  A soldier ant (D)
  A floating eye (D)
  A water moccasin (D)
  A swamp drake (D)
  An ogre (D)
  An eye of draining (D)
  4 wolves (D)
  A big kobold (D)
  A gnoll sergeant (D)
  A scorpion (D)
  4 wights (D)
  A hound (D)
  An iron imp (D)
  An orc priest (D)
  7 gnolls (D)
  An adder zombie (D)
  2 orcs (D)
  A ball python (D)
  A bat skeleton (D)
  A bat zombie (D)
  A giant cockroach (D)
  A hobgoblin (D)
  A kobold (D)
  A bat (D)
  A rat (D)
74 creatures vanquished.

Vanquished Creatures (collateral kills)
  A fire giant (D)
  A frost giant (D)
  A ghost moth (D)
  A vampire mage (D)
  A soul eater (D)
  A harpy (D)
  An orc sorcerer (D)
  An elephant (D)
  Joseph (D)
  An orange demon (D)
  A guardian mummy (D)
  A red devil (D)
  A wind drake (D)
  A bog body (D)
  A hippogriff (D)
  An air elemental (D)
  A flying skull (D)
  7 yaks (D)
  A tarantella (shapeshifter) (D)
  A basilisk (D)
  A steam dragon (D)
  A warg (D)
  6 wolves (D)
  A necrophage (D)
  A gnoll sergeant (D)
  A scorpion (D)
  A wight (D)
  An iguana (D)
  A hell rat (D)
  A gnoll (D)
  An ufetubus (D)
  2 worms (D)
  A quokka (D)
  A bat simulacrum (D)
  A rat (D)
47 creatures vanquished.

Vanquished Creatures (others)
  An orc knight (D)
  An orc wizard (D)
  A gnoll (D)
  2 orcs (D)
5 creatures vanquished.

Grand Total: 126 creatures vanquished

Notes
Turn   | Place    | Note
-------+----------+-------------------------------------------
     0 | D        | potatolord6000 the Hill Orc Monk began the quest for the Orb.
     0 | D        | Reached XP level 1. HP: 19/19 MP: 1/1
    50 | D        | Found a bloodstained altar of Trog.
    50 | D        | Found a deep blue altar of Sif Muna.
    50 | D        | Found a viscous altar of Jiyva.
    50 | D        | Found a hazy altar of Hepliaklqana.
    50 | D        | Found an opulent altar of Gozag.
    51 | D        | Found a glowing golden altar of the Shining One.
    51 | D        | Found a glowing silver altar of Zin.
    51 | D        | Found a basalt altar of Yredelemnul.
    51 | D        | Found a shimmering altar of Xom.
    51 | D        | Found a sacrificial altar of Ru.
    51 | D        | Found a stormy altar of Qazlal.
    51 | D        | Found an iron altar of Okawaru.
    51 | D        | Found a sparkling altar of Nemelex Xobeh.
    51 | D        | Found a burning altar of Makhleb.
    51 | D        | Found a blossoming altar of Fedhas.
    51 | D        | Found a white marble altar of Elyvilon.
    51 | D        | Found a shadowy altar of Dithmenos.
    51 | D        | Found a snail-covered altar of Cheibriados.
    53 | D        | Found a radiant altar of Vehumet.
    53 | D        | Found a corrupted altar of Lugonu.
    53 | D        | Found a roughly hewn altar of Beogh.
    54 | D        | Found a hide-covered altar of Uskayaw.
    54 | D        | Found an ancient bone altar of Kikubaaqudgha.
    54 | D        | Found a shattered altar of Ashenzari.
    63 | D        | Became a worshipper of Beogh the Brigand
    63 | D        | Reached * piety under Beogh
    63 | D        | Reached ** piety under Beogh
    83 | D        | Reached skill level 1 in Armour
    93 | D        | Reached skill level 1 in Invocations
   276 | D        | Noticed an iron imp
   280 | D        | Reached *** piety under Beogh
   280 | D        | Reached XP level 2. HP: 28/28 MP: 1/3
   288 | D        | Reached skill level 2 in Invocations
   296 | D        | Reached skill level 5 in Fighting
   296 | D        | Reached skill level 5 in Long Blades
   296 | D        | Reached skill level 3 in Invocations
   296 | D        | Reached XP level 3. HP: 26/36 MP: 1/5
   383 | D        | Noticed a big kobold
   384 | D        | Noticed an ogre
   384 | D        | Noticed a water moccasin
   390 | D        | Reached skill level 4 in Invocations
   390 | D        | Reached XP level 4. HP: 40/44 MP: 2/7
   391 | D        | Reached **** piety under Beogh
   394 | D        | Killed an ogre
   394 | D        | Reached skill level 5 in Armour
   394 | D        | Reached skill level 6 in Invocations
   394 | D        | Reached XP level 5. HP: 15/52 MP: 3/9
   398 | D        | Killed a water moccasin
   398 | D        | Reached skill level 7 in Invocations
   398 | D        | Reached XP level 6. HP: 23/62 MP: 0/11
   403 | D        | Reached skill level 8 in Invocations
   605 | D        | Reached ***** piety under Beogh
   608 | D        | Noticed Erica
   611 | D        | Killed Erica
   611 | D        | Reached skill level 10 in Long Blades
   611 | D        | Reached skill level 11 in Invocations
   611 | D        | Reached XP level 7. HP: 32/74 MP: 6/15
   611 | D        | Reached XP level 8. HP: 36/82 MP: 6/16
   772 | D        | Gained Gorg as an ally
   783 | D        | Noticed a sea snake
   787 | D        | Killed a sea snake
   787 | D        | Reached skill level 10 in Armour
   787 | D        | Reached skill level 12 in Invocations
   995 | D        | Noticed an orange demon
   998 | D        | Killed an orange demon
   998 | D        | Reached XP level 9. HP: 91/91 MP: 11/18
  1070 | D        | Reached skill level 13 in Invocations
  1071 | D        | Noticed a demonic crawler
  1071 | D        | Gained Bogbrand as an ally
  1077 | D        | Killed a demonic crawler
  1093 | D        | Reached ****** piety under Beogh
  1311 | D        | Reached skill level 14 in Invocations
  1311 | D        | Reached XP level 10. HP: 101/101 MP: 20/20
  1330 | D        | Noticed an orc sorcerer
  1334 | D        | Killed an orc sorcerer
  1335 | D        | Noticed a black mamba
  1337 | D        | a black mamba changed into a meliai
  1350 | D        | Noticed a black mamba
  1353 | D        | Killed a black mamba
  1372 | D        | Noticed a soul eater
  1374 | D        | Noticed a spiny frog
  1379 | D        | Killed a spiny frog
  1381 | D        | Killed a soul eater
  1381 | D        | Reached skill level 15 in Invocations
  1529 | D        | Noticed an orange demon
  1529 | D        | Noticed a smoke demon
  1531 | D        | Killed an orange demon
  1532 | D        | Noticed a deep troll
  1532 | D        | Noticed a harpy
  1533 | D        | Noticed a harpy
  1533 | D        | Killed a smoke demon
  1535 | D        | Noticed a harpy
  1535 | D        | Killed a deep troll
  1535 | D        | Reached skill level 15 in Fighting
  1537 | D        | Noticed a kobold demonologist
  1539 | D        | Killed a harpy
  1539 | D        | Reached XP level 11. HP: 91/112 MP: 1/22
  1543 | D        | Reached skill level 16 in Invocations
  1554 | D        | Your ally Gorg died
  1561 | D        | Killed a harpy
  1570 | D        | Killed a harpy
  1945 | D        | Noticed a four-headed hydra
  1949 | D        | Killed a four-headed hydra
  1949 | D        | Reached skill level 15 in Long Blades
  1949 | D        | Reached skill level 17 in Invocations
  1959 | D        | Reached skill level 15 in Armour
  2151 | D        | Noticed a vampire mage
  2153 | D        | Noticed Joseph
  2158 | D        | Killed a vampire mage
  2160 | D        | Killed Joseph
  2287 | D        | Noticed a sea snake
  2289 | D        | Killed a sea snake
  2404 | D        | Noticed an ice dragon
  2404 | D        | Noticed an angel
  2404 | D        | Noticed a ghost moth
  2404 | D        | Noticed a fire giant
  2404 | D        | Noticed a sphinx
  2404 | D        | Noticed an orc knight
  2408 | D        | Killed an angel
  2408 | D        | Reached skill level 18 in Invocations
  2408 | D        | Reached XP level 12. HP: 125/125 MP: 9/25
  2413 | D        | Killed a sphinx
  2418 | D        | Killed a ghost moth
  2418 | D        | Killed a fire giant
  2427 | D        | Killed an ice dragon
  2427 | D        | Reached skill level 19 in Invocations
  2638 | D        | Noticed a frost giant
  2638 | D        | Noticed a merfolk avatar
  2641 | D        | Noticed an emperor scorpion
  2643 | D        | Killed a frost giant
  2652 | D        | Killed a merfolk avatar
  2660 | D        | Killed an emperor scorpion
  2663 | D        | Noticed a two-headed ogre
  2663 | D        | Noticed Mara
  2664 | D        | Noticed a spriggan rider
  2666 | D        | Noticed a great orb of eyes
  2670 | D        | Killed a two-headed ogre
  2676 | D        | Noticed an eidolon
  2677 | D        | Noticed a death knight
  2689 | D        | Paralysed by a great orb of eyes for 3 turns
  2692 | D        | Noticed a spriggan defender
  2692 | D        | Slain by Mara

Skill      XL: |  1  2  3  4  5  6  7  8  9 10 11 12 |
---------------+-------------------------------------+-----
Fighting       | 4 5 6 7 8 11 12 13 15 17 18 | 18.8
Armour         | 2 3 4 5 6 9 10 12 13 15 17 | 17.2
Invocations    | 1 3 4 6 7 11 12 14 15 18 19 | 19.9
Long Blades    | 4 5 6 7 10 11 12 14 16 17 | 17.4
Dodging        | |  2.4
Stealth        | |  1.5

Action                   |  1- 3 |  4- 6 |  7- 9 | 10-12 || total
-------------------------+-------+-------+-------+-------++-------
Melee: Falchion          |    35 |       |       |       ||    35
       Long sword        |     5 |    15 |    43 |   118 ||   181
       Unarmed           |       |       |       |     2 ||     2
       Great sword       |       |       |       |    34 ||    34
Invok: Smiting           |     1 |     3 |    14 |    44 ||    62
       Give Item to Name |       |       |     1 |       ||     1
       Recall Orcish Fol |       |       |       |     1 ||     1
       Resurrection      |       |       |       |     1 ||     1
  Use: Potion            |     2 |     1 |     5 |    17 ||    25
       Scroll            |       |       |       |     3 ||     3
 Stab: Invisible         |     3 |       |       |       ||     3
       Sleeping          |     2 |       |       |       ||     2
       Distracted        |       |       |     1 |     2 ||     3
  Eat: Meat ration       |     2 |       |       |       ||     2
Armor: Robe              |    16 |       |       |       ||    16
       Chain mail        |     8 |    14 |     2 |       ||    24
       Plate armour      |       |       |    39 |   132 ||   171
Dodge: Dodged            |    38 |    12 |    20 |    94 ||   164
       Rpst.: Falchion   |    10 |       |       |       ||    10
       Long sword        |     3 |     5 |     5 |    11 ||    24
       Great sword       |       |       |       |     1 ||     1
